 Dungeon Crawl Stone Soup version 0.17-a0-226-ge260c71 (webtiles) character file.

480 Herrn the Shield-Bearer (level 7, 0/55 HPs)
             Began as a Formicid Fighter on Mar 28, 2015.
             Succumbed to an orc wizard's poison
             ... on level 4 of the Dungeon.
             The game lasted 00:10:44 (3267 turns).

Herrn the Shield-Bearer (Formicid Fighter)          Turns: 3267, Time: 00:10:44

Health: 0/55       AC: 11    Str: 23    XL:     7   Next: 34%
Magic:  3/9        EV:  7    Int:  7    God:
Gold:   157        SH: 10    Dex: 10    Spells: 0 memorised, 6 levels left

rFire  . . .     SeeInvis +     v - +2 scythe (freeze)
rCold  . . .     Clarity  .     e - +0 chain mail
rNeg   . . .     SustAb   .     c - +0 shield
rPois  .         Gourm    .     (helmet unavailable)
rElec  .         Spirit   +     (no cloak)
rCorr  .         Warding  .     (no gloves)
rMut   .         Stasis   +     (no boots)
MR     .....                    r - amulet of guardian spirit
Stlth  ..........               (no ring)
                                q - +2 ring of strength

@: lethally poisoned (0 -> -9), not resistant to hostile enchantments, extremely
unstealthy
A: permanent stasis, dig shafts and tunnels, four strong arms, antennae 3, thin
metallic scales 1, weak 1, wild magic 1
a: Dig, Shaft Self


You were on level 4 of the Dungeon.
You were hungry.

You visited 1 branch of the dungeon, and saw 4 of its levels.

You collected 157 gold pieces.

Inventory:

Hand weapons
 a - a +0 war axe
 o - a +3 mace
 v - a +2 scythe of freezing (weapon)
Armour
 c - a +0 shield (worn)
 e - a +0 chain mail (worn)
Jewellery
 q - a +2 ring of strength (left hand)
 r - an amulet of guardian spirit (around neck)
Magical devices
 t - a wand of slowing (20)
 y - a wand of fire (9)
Scrolls
 b - a scroll of recharging {unknown}
 f - 3 scrolls of remove curse {unknown}
 h - a scroll of amnesia {unknown}
 j - a scroll of identify {unknown}
 k - a scroll of magic mapping {unknown}
 m - 2 scrolls of blinking {unknown}
 n - a scroll of noise {unknown}
 p - a scroll of teleportation {unknown}
 s - a scroll of enchant weapon {unknown}
Potions
 i - 2 potions of mutation
Comestibles
 d - a bread ration
 u - 6 fruits
 z - a meat ration
 B - a beef jerky


   Skills:
 + Level 4.7 Fighting
 * Level 3.8 Axes
 + Level 4.8 Armour
 + Level 2.3 Dodging
 + Level 5.4 Shields


You had 6 spell levels left.
You didn't know any spells.

Dungeon Overview and Level Annotations

Branches:
Dungeon (4/15)
 Temple: D:4-7

Altars:
Ashenzari
Fedhas
Kikubaaqudgha
The Shining One


Innate Abilities, Weirdness & Mutations

You are under a permanent stasis effect.
You can dig through walls and to a lower floor.
Your four strong arms can wield two-handed weapons with a shield.
You have a pair of large antennae on your head (SInv).
You are partially covered in thin metallic scales (AC +2).
You are weak. (Str -2)
Your spells are a little harder to cast, but a little more powerful.


Message History

You feel sick.
The orc priest hits you but does no damage.
The orc priest barely misses you.
You closely miss the orc priest.
The orc priest is severely wounded.
* * * LOW HITPOINT WARNING * * *
You feel very sick.
The orc priest hits you but does no damage.
The orc priest calls down the wrath of Beogh upon you.
Pain shoots through your body!
* * * LOW HITPOINT WARNING * * *
You hit the orc priest. You freeze the orc priest.
The orc priest is almost dead.
* * * LOW HITPOINT WARNING * * *
You feel sick.
The orc priest hits you with a hand axe.
* * * LOW HITPOINT WARNING * * *
You barely miss the orc priest.
The orc priest is almost dead.
You die...

{ . {o. {{o. ####### .#
......#############..#..#
#####......>............#
# #.##########.##.......
# #รท# #o## .##.# # #.#
##@# # #####.# ###
......# #######


You could see an orc priest.

Vanquished Creatures
  An ogre (D:4)
  Sigmund (D:2)
  A giant frog (D:3)
  An orc wizard (D:4)
  An orc priest (D:3)
  A worker ant (D:3)
  Jessica (D:2)
  Robin (D:2)
  2 adders
  A shadow imp (D:3)
  2 worms (D:2)
  13 orcs (D:3)
  2 ball pythons
  12 bats
  14 goblins
  15 hobgoblins
  4 jackals (D:2)
  6 kobolds
  A quokka (D:2)
  7 giant cockroaches
  A giant cockroach zombie (D:3)
  A giant gecko (D:1)
  4 giant newts
  12 rats
105 creatures vanquished.

Notes
Turn   | Place    | Note
--------------------------------------------------------------
     0 | D:1      | Herrn, the Formicid Fighter, began the quest for the Orb.
     0 | D:1      | Reached XP level 1. HP: 18/18 MP: 1/1
   265 | D:1      | Reached XP level 2. HP: 24/24 MP: 3/3
   689 | D:1      | Reached skill level 4 in Shields
   724 | D:2      | Noticed Robin
   731 | D:2      | Reached XP level 3. HP: 29/29 MP: 4/4
   745 | D:2      | Killed Robin
   794 | D:2      | Reached XP level 4. HP: 35/37 MP: 1/5
   953 | D:2      | Found a shattered altar of Ashenzari.
   956 | D:2      | Found a glowing golden altar of the Shining One.
  1033 | D:2      | Found a blossoming altar of Fedhas.
  1354 | D:2      | Noticed Sigmund
  1382 | D:2      | Reached XP level 5. HP: 42/42 MP: 7/7
  1410 | D:2      | Killed Sigmund
  1410 | D:2      | Reached skill level 1 in Dodging
  1625 | D:2      | Noticed Jessica
  1629 | D:2      | Killed Jessica
  1629 | D:2      | Reached XP level 6. HP: 41/48 MP: 6/8
  1643 | D:2      | Found an ancient bone altar of Kikubaaqudgha.
  2275 | D:3      | Reached skill level 5 in Shields
  2967 | D:4      | Reached XP level 7. HP: 23/55 MP: 4/9
  3258 | D:4      | Gained mutation: Your spells are a little harder to cast, but a little more powerful. [potion of mutation]
  3258 | D:4      | Gained mutation: You are weak. (Str -2) [potion of mutation]
  3258 | D:4      | Gained mutation: You are partially covered in thin metallic scales (AC +2). [potion of mutation]
  3262 | D:4      | HP: 1/55 [poisoned by an orc wizard]
  3267 | D:4      | Succumbed to an orc wizard's poison

Action                   |  1- 3 |  4- 6 |  7- 9 || total
-------------------------+-------+-------+-------++-------
Melee: War axe           |    68 |   122 |       ||   190
       Scythe            |       |    76 |    20 ||    96
 Abil: Dig               |       |     2 |     1 ||     3
  Use: Potion            |       |     2 |     6 ||     8
  Eat: Chunk             |       |     7 |     1 ||     8
